TOP OF THE 1ST |
Amarillo Archdukes batting - Pitching for Richmond Flairs : RHP Tomás Muńóz
|
Pitching: RHP Tomás Muńóz
|
|
Batting: LHB John Frost
|
0-0: Foul Ball, location: 2F 0-1: Fly out, F8 (Flyball, 8RXD)
|
Batting: RHB Dave Anderson
|
0-0: Called Strike 0-1: Ball 1-1: Swinging Strike 1-2: SINGLE (Groundball, 4MD)
|
Batting: RHB Herb Bunch
|
0-0: Called Strike 0-1: Ball 1-1: Ball 2-1: Ball 3-1: Foul Ball, location: 2F 3-2: Base on Balls Dave Anderson to second
|
Batting: RHB Jesús Ramos
|
0-0: Foul Ball, location: 2F 0-1: Ball Dave Anderson steals 3rd base 1-1: Foul Ball, location: 2F 1-2: Grounds into double play, 6-4-3 (Groundball, 6)
|
Top of the 1st over - 0 runs, 1 hit, 0 errors, 1 left on base; Amarillo 0 - Richmond 0 |
BOTTOM OF THE 1ST |
Richmond Flairs batting - Pitching for Amarillo Archdukes : LHP César Galván
|
Pitching: LHP César Galván
|
|
Batting: RHB Lonson Seals
|
0-0: Foul Ball, location: 2F 0-1: Ball 1-1: Ball 2-1: Foul Ball, location: 2F 2-2: Ball 3-2: Foul Ball, location: 2F 3-2: Foul Ball, location: 2F 3-2: Base on Balls
|
Batting: RHB Jack Ray
|
0-0: Ball 1-0: DOUBLE (Line Drive, 9D) Lonson Seals to third
|
Batting: RHB Miguel Hernández
|
0-0: Swinging Strike 0-1: Ball 1-1: Called Strike 1-2: Ball 2-2: Foul Ball, location: 2F 2-2: Strikes out swinging
|
Batting: LHB Roland Jones
|
0-0: Ground out 4-3 (Groundball, 4) Lonson Seals scores Jack Ray to third
|
Batting: RHB Liangde Que
|
0-0: Ball 1-0: Called Strike 1-1: Ball 2-1: Called Strike 2-2: Foul Ball, location: 2F 2-2: Strikes out swinging
|
Bottom of the 1st over - 1 run, 1 hit, 0 errors, 1 left on base; Amarillo 0 - Richmond 1 |
TOP OF THE 2ND |
Amarillo Archdukes batting - Pitching for Richmond Flairs : RHP Tomás Muńóz
|
Batting: RHB Rich Henley
|
0-0: Ball 1-0: Called Strike 1-1: Foul Ball, location: 2F 1-2: Strikes out swinging
|
Batting: LHB José Martínez
|
0-0: Ball 1-0: Reached via error on a dropped throw, E3
|
Batting: SHB Jeff Chambers
|
0-0: Called Strike 0-1: Ball 1-1: Ball 2-1: Foul Ball, location: 2F 2-2: Foul Ball, location: 2F 2-2: Foul Ball, location: 2F 2-2: Ball 3-2: Base on Balls José Martínez to second
|
Batting: RHB Félix Trevino
|
0-0: Swinging Strike 0-1: Ball 1-1: Ball 2-1: Swinging Strike 2-2: Foul Ball, location: 2F 2-2: Ball 3-2: Base on Balls José Martínez to third Jeff Chambers to second
|
Batting: LHB Jorge Fernández
|
0-0: Ball 1-0: SINGLE (Line Drive, 89S) José Martínez scores Jeff Chambers to third Félix Trevino to second Runner from 3rd tries for Home, SAFE, no throw
|
Batting: LHB John Frost
|
0-0: Ball 1-0: Ball Wild Pitch! Félix Trevino to third Jorge Fernández to second 2-0: Swinging Strike 2-1: Called Strike 2-2: Ball Wild Pitch! Félix Trevino scores Jorge Fernández to third 3-2: Fly out, F9 (Flyball, 9) Runner from 3rd tags up, SCORES, throw made
|
Batting: RHB Dave Anderson
|
0-0: Ball 1-0: Ball 2-0: Called Strike 2-1: Ball 3-1: Called Strike 3-2: Foul Ball, location: 2F 3-2: Base on Balls
|
Batting: RHB Herb Bunch
|
0-0: Ball 1-0: Foul Ball, location: 2F 1-1: Foul Ball, location: 2F 1-2: Foul Ball, location: 2F 1-2: Strikes out swinging
|
Top of the 2nd over - 4 runs, 1 hit, 1 error, 1 left on base; Amarillo 4 - Richmond 1 |
BOTTOM OF THE 2ND |
Richmond Flairs batting - Pitching for Amarillo Archdukes : LHP César Galván
|
Batting: SHB Adrián Miranda
|
0-0: Ball 1-0: Ball 2-0: Foul Ball, location: 2F 2-1: Ball 3-1: Fly out, F8 (Line Drive, 8LD)
|
Batting: LHB R.J. Courtney
|
0-0: Foul Ball, location: 2F 0-1: Ball 1-1: Called Strike 1-2: Fly out, F7 (Flyball, 78M)
|
Batting: RHB Alejandro Ramos
|
0-0: Ball 1-0: Ball 2-0: Foul Ball, location: 2F 2-1: Ball 3-1: Ground out 4-3 (Groundball, 4M)
|
Bottom of the 2nd over - 0 runs, 0 hits, 0 errors, 0 left on base; Amarillo 4 - Richmond 1 |
TOP OF THE 3RD |
Amarillo Archdukes batting - Pitching for Richmond Flairs : RHP Tomás Muńóz
|
Batting: RHB Jesús Ramos
|
0-0: Fly out, F9 (Flyball, 9LM)
|
Batting: RHB Rich Henley
|
0-0: SINGLE (Groundball, 6MD)
|
Batting: LHB José Martínez
|
0-0: Called Strike 0-1: Ball 1-1: Foul Ball, location: 2F 1-2: Strikes out swinging
|
Batting: SHB Jeff Chambers
|
0-0: Ball 1-0: Ground out 1-3 (Groundball, P)
|
Top of the 3rd over - 0 runs, 1 hit, 0 errors, 1 left on base; Amarillo 4 - Richmond 1 |
BOTTOM OF THE 3RD |
Richmond Flairs batting - Pitching for Amarillo Archdukes : LHP César Galván
|
Batting: RHB Christian Hudson
|
0-0: Called Strike 0-1: Called Strike 0-2: Strikes out swinging
|
Batting: RHB Lonson Seals
|
0-0: Ball 1-0: Foul Ball, location: 2F 1-1: Fly out, F8 (Line Drive, 8LM)
|
Batting: RHB Jack Ray
|
0-0: Called Strike 0-1: Foul Ball, location: 2F 0-2: Strikes out swinging
|
Bottom of the 3rd over - 0 runs, 0 hits, 0 errors, 0 left on base; Amarillo 4 - Richmond 1 |
TOP OF THE 4TH |
Amarillo Archdukes batting - Pitching for Richmond Flairs : RHP Tomás Muńóz
|
Batting: RHB Félix Trevino
|
0-0: Ball 1-0: Called Strike 1-1: Ball 2-1: Ball 3-1: Foul Ball, location: 2F 3-2: Base on Balls
|
Batting: LHB Jorge Fernández
|
0-0: Fly out, F7 (Flyball, 7D)
|
Batting: LHB John Frost
|
0-0: Foul Ball, location: 2F 0-1: Swinging Strike 0-2: Ball 1-2: Ball 2-2: Strikes out looking
|
Batting: RHB Dave Anderson
|
0-0: Ball 1-0: Foul Ball, location: 2F 1-1: Called Strike 1-2: Foul Ball, location: 2F 1-2: Foul Ball, location: 2F 1-2: SINGLE (Groundball, 5S) (infield hit) Félix Trevino to second
|
Batting: RHB Herb Bunch
|
0-0: Ball 1-0: Ball 2-0: Ball 3-0: Ground out 4-3 (Groundball, 4)
|
Top of the 4th over - 0 runs, 1 hit, 0 errors, 2 left on base; Amarillo 4 - Richmond 1 |
BOTTOM OF THE 4TH |
Richmond Flairs batting - Pitching for Amarillo Archdukes : LHP César Galván
|
Batting: RHB Miguel Hernández
|
0-0: Called Strike 0-1: Ball 1-1: Swinging Strike 1-2: Strikes out looking
|
Batting: LHB Roland Jones
|
0-0: Ball 1-0: Foul Ball, location: 2F 1-1: Ground out 4-3 (Groundball, 34D)
|
Batting: RHB Liangde Que
|
0-0: Ground out 6-3 (Groundball, 6)
|
Bottom of the 4th over - 0 runs, 0 hits, 0 errors, 0 left on base; Amarillo 4 - Richmond 1 |
TOP OF THE 5TH |
Amarillo Archdukes batting - Pitching for Richmond Flairs : RHP Tomás Muńóz
|
Batting: RHB Jesús Ramos
|
0-0: Ball 1-0: Swinging Strike 1-1: Foul Ball, location: 2F 1-2: Strikes out swinging
|
Batting: RHB Rich Henley
|
0-0: Swinging Strike 0-1: Swinging Strike 0-2: Strikes out swinging
|
Batting: LHB José Martínez
|
0-0: Ball 1-0: Foul Ball, location: 2F 1-1: Ball 2-1: Ball 3-1: Foul Ball, location: 2F 3-2: Strikes out looking
|
Top of the 5th over - 0 runs, 0 hits, 0 errors, 0 left on base; Amarillo 4 - Richmond 1 |
BOTTOM OF THE 5TH |
Richmond Flairs batting - Pitching for Amarillo Archdukes : LHP César Galván
|
Batting: SHB Adrián Miranda
|
0-0: Called Strike 0-1: Ball 1-1: SOLO HOME RUN (Flyball, 78XD), Distance : 381 ft
|
Batting: LHB R.J. Courtney
|
0-0: Ball 1-0: Called Strike 1-1: Foul Ball, location: 2F 1-2: Ground out 3-1 (Groundball, 34)
|
Batting: RHB Alejandro Ramos
|
0-0: Ground out 5-3 (Groundball, 5)
|
Batting: RHB Christian Hudson
|
0-0: Called Strike 0-1: Ball 1-1: Swinging Strike 1-2: Ball 2-2: Strikes out swinging
|
Bottom of the 5th over - 1 run, 1 hit, 0 errors, 0 left on base; Amarillo 4 - Richmond 2 |
TOP OF THE 6TH |
Amarillo Archdukes batting - Pitching for Richmond Flairs : RHP Tomás Muńóz
|
Pitching: RHP Brendan Green
|
|
Batting: SHB Jeff Chambers
|
0-0: Called Strike 0-1: Ball 1-1: Swinging Strike 1-2: Ball 2-2: Ball 3-2: Foul Ball, location: 2F 3-2: Foul Ball, location: 2F 3-2: Foul Ball, location: 2F 3-2: Ground out 4-3 (Groundball, 4M)
|
Batting: RHB Félix Trevino
|
0-0: Ball 1-0: Ball 2-0: Ball 3-0: Base on Balls
|
Batting: LHB Jorge Fernández
|
0-0: Ball 1-0: Called Strike 1-1: Called Strike 1-2: Grounds into double play, 4-3-6 (Groundball, 34)
|
Top of the 6th over - 0 runs, 0 hits, 0 errors, 0 left on base; Amarillo 4 - Richmond 2 |
BOTTOM OF THE 6TH |
Richmond Flairs batting - Pitching for Amarillo Archdukes : LHP César Galván
|
Batting: RHB Lonson Seals
|
0-0: Swinging Strike 0-1: Ball 1-1: Foul Ball, location: 2F 1-2: Ball 2-2: Foul Ball, location: 2F 2-2: Foul Ball, location: 2F 2-2: Foul Ball, location: 2F 2-2: Ground out 6-3 (Groundball, 6)
|
Batting: RHB Jack Ray
|
0-0: Ball 1-0: Ball 2-0: Called Strike 2-1: Ball 3-1: SINGLE (Flyball, 78M)
|
Batting: RHB Miguel Hernández
|
0-0: Called Strike 0-1: Foul Ball, location: 2F 0-2: Strikes out swinging
|
Batting: LHB Roland Jones
|
0-0: Foul Ball, location: 2F 0-1: Ball 1-1: Ball 2-1: Foul Ball, location: 2F 2-2: Ball 3-2: Fly out, F7 (Line Drive, 7LM)
|
Bottom of the 6th over - 0 runs, 1 hit, 0 errors, 1 left on base; Amarillo 4 - Richmond 2 |
TOP OF THE 7TH |
Amarillo Archdukes batting - Pitching for Richmond Flairs : RHP Brendan Green
|
Batting: LHB John Frost
|
0-0: Ball 1-0: Ball 2-0: Called Strike 2-1: Ball 3-1: Base on Balls
|
Batting: RHB Dave Anderson
|
0-0: Bunted foul 0-1: Sac Bunt - play at first, batter OUT! 3-4 John Frost to second
|
Batting: RHB Herb Bunch
|
0-0: Called Strike 0-1: Ball 1-1: Called Strike John Frost steals 3rd base 1-2: Foul Ball, location: 2F 1-2: Foul Ball, location: 2F 1-2: Ball 2-2: Foul Ball, location: 2F 2-2: Foul Ball, location: 2F 2-2: Ball 3-2: Base on Balls
|
Batting: RHB Jesús Ramos
|
0-0: Ball 1-0: Called Strike 1-1: Ball 2-1: Ball 3-1: Called Strike 3-2: Base on Balls Herb Bunch to second
|
Pinch Hitting: LHB Earl Wigfall
|
0-0: Called Strike 0-1: Ball 1-1: DOUBLE (Flyball, 89XD) John Frost scores Herb Bunch scores Jesús Ramos to third
|
Pitching: RHP Nelson Britt
|
|
Batting: LHB José Martínez
|
0-0: Ball 1-0: Foul Ball, location: 2F 1-1: Ball 2-1: SINGLE (Groundball, 4MD) Jesús Ramos scores Earl Wigfall to third Runner from 3rd tries for Home, SAFE, no throw
|
Batting: SHB Jeff Chambers
|
0-0: Ball 1-0: Fly out, F9 (Flyball, 89XD)
|
Batting: RHB Félix Trevino
|
0-0: Called Strike 0-1: Ball 1-1: Ball 2-1: Swinging Strike 2-2: Ball 3-2: Ground out U3 (Groundball, 3)
|
Top of the 7th over - 4 runs, 2 hits, 0 errors, 1 left on base; Amarillo 8 - Richmond 2 |
BOTTOM OF THE 7TH |
Richmond Flairs batting - Pitching for Amarillo Archdukes : LHP César Galván
|
Now at 2B: Earl Wigfall
|
|
Batting: RHB Liangde Que
|
0-0: Swinging Strike 0-1: Ball 1-1: Ball 2-1: Called Strike 2-2: Foul Ball, location: 2F 2-2: Strikes out swinging
|
Batting: SHB Adrián Miranda
|
0-0: Ball 1-0: Foul Ball, location: 2F 1-1: Ground out 6-3 (Groundball, 6)
|
Batting: LHB R.J. Courtney
|
0-0: SINGLE (Groundball, 4MD)
|
Batting: RHB Alejandro Ramos
|
Pickoff Throw to First - Out!
|
Bottom of the 7th over - 0 runs, 1 hit, 0 errors, 0 left on base; Amarillo 8 - Richmond 2 |
TOP OF THE 8TH |
Amarillo Archdukes batting - Pitching for Richmond Flairs : RHP Nelson Britt
|
Batting: LHB Jorge Fernández
|
0-0: Swinging Strike 0-1: Foul Ball, location: 2F 0-2: Foul Ball, location: 2F 0-2: Ball 1-2: Ball 2-2: Strikes out looking
|
Batting: LHB John Frost
|
0-0: Ball 1-0: Called Strike 1-1: Called Strike 1-2: SINGLE (Groundball, 34D)
|
Batting: RHB Dave Anderson
|
0-0: SINGLE (Groundball, 56D) John Frost to second
|
Batting: RHB Herb Bunch
|
0-0: Foul Ball, location: 2F 0-1: Ball 1-1: Ball Wild Pitch! John Frost to third Dave Anderson to second 2-1: Ball 3-1: Base on Balls
|
Batting: RHB Jesús Ramos
|
0-0: Ball 1-0: Called Strike 1-1: Called Strike 1-2: Fielders Choice at 2nd, 5-4 (Groundball, 56) John Frost scores Dave Anderson to third
|
Batting: LHB Earl Wigfall
|
0-0: Ball 1-0: Ball 2-0: Swinging Strike 2-1: Called Strike 2-2: SINGLE (Line Drive, 34) Dave Anderson scores Jesús Ramos to second
|
Batting: LHB José Martínez
|
0-0: Foul Ball, location: 2F 0-1: Ball 1-1: Ball 2-1: Called Strike 2-2: Ball 3-2: Base on Balls Jesús Ramos to third Earl Wigfall to second
|
Batting: SHB Jeff Chambers
|
0-0: Called Strike 0-1: Fly out, F8 (Flyball, 8LS)
|
Top of the 8th over - 2 runs, 3 hits, 0 errors, 3 left on base; Amarillo 10 - Richmond 2 |
BOTTOM OF THE 8TH |
Richmond Flairs batting - Pitching for Amarillo Archdukes : LHP César Galván
|
Batting: RHB Alejandro Ramos
|
0-0: SINGLE (Groundball, 6D)
|
Batting: RHB Christian Hudson
|
0-0: Ball 1-0: Ball 2-0: Ball 3-0: Base on Balls Alejandro Ramos to second
|
Batting: RHB Lonson Seals
|
0-0: Foul Ball, location: 2F 0-1: Ball 1-1: 3-RUN HOME RUN (Line Drive, 7LD), Distance : 338 ft
|
Pitching: RHP Wilson Molina
|
|
Batting: RHB Jack Ray
|
0-0: Called Strike 0-1: Called Strike 0-2: Ball 1-2: Foul Ball, location: 2F 1-2: Ball 2-2: SINGLE (Groundball, 34D)
|
Batting: RHB Miguel Hernández
|
0-0: Called Strike 0-1: Ball 1-1: Ball 2-1: Hit by Pitch Jack Ray to second
|
Batting: LHB Roland Jones
|
0-0: Ball 1-0: Ground out 6-3 (Groundball, 6MS) Jack Ray to third Miguel Hernández to second
|
Batting: RHB Liangde Que
|
0-0: Ball 1-0: Foul Ball, location: 2F 1-1: Ball 2-1: Foul Ball, location: 2F 2-2: Foul Ball, location: 2F 2-2: Ball 3-2: Ground out 4-3 (Groundball, 4) Jack Ray scores Miguel Hernández to third
|
Batting: SHB Adrián Miranda
|
0-0: Called Strike Balk! Miguel Hernández scores 0-1: Ball 1-1: Hit by Pitch
|
Pitching: LHP Christiano Gomes
|
|
Batting: LHB R.J. Courtney
|
0-0: Ball 1-0: Ball 2-0: Foul Ball, location: 2F 2-1: Swinging Strike 2-2: Ball 3-2: Foul Ball, location: 2F 3-2: Fly out, F9 (Flyball, 89XD)
|
Bottom of the 8th over - 5 runs, 3 hits, 0 errors, 1 left on base; Amarillo 10 - Richmond 7 |
TOP OF THE 9TH |
Amarillo Archdukes batting - Pitching for Richmond Flairs : RHP Nelson Britt
|
Pitching: RHP Albert Sánchez
|
|
Batting: RHB Félix Trevino
|
0-0: Ball 1-0: Called Strike 1-1: Swinging Strike 1-2: Strikes out looking
|
Batting: LHB Jorge Fernández
|
0-0: Fly out, F8 (Flyball, 8RM)
|
Batting: LHB John Frost
|
0-0: Foul Ball, location: 2F 0-1: Ball 1-1: Foul Ball, location: 2F 1-2: Ball 2-2: Foul Ball, location: 2F 2-2: Foul Ball, location: 2F 2-2: Strikes out swinging
|
Top of the 9th over - 0 runs, 0 hits, 0 errors, 0 left on base; Amarillo 10 - Richmond 7 |
BOTTOM OF THE 9TH |
Richmond Flairs batting - Pitching for Amarillo Archdukes : LHP Christiano Gomes
|
Pitching: RHP Tsugahara Suzuki
|
|
Batting: RHB Alejandro Ramos
|
0-0: Ball 1-0: Called Strike 1-1: SINGLE (Line Drive, 89S)
|
Batting: RHB Christian Hudson
|
0-0: Ball 1-0: Foul Ball, location: 2F 1-1: Called Strike 1-2: Strikes out looking
|
Batting: RHB Lonson Seals
|
0-0: Ball 1-0: SINGLE (Groundball, 56D) Alejandro Ramos to second
|
Batting: RHB Jack Ray
|
0-0: Ball 1-0: Foul Ball, location: 2F 1-1: Ball 2-1: Foul Ball, location: 2F 2-2: Ball 3-2: Foul Ball, location: 2F 3-2: Foul Ball, location: 2F 3-2: SINGLE (Line Drive, 3D) Alejandro Ramos to third Lonson Seals to second
|
Batting: RHB Miguel Hernández
|
0-0: Swinging Strike 0-1: Swinging Strike 0-2: Strikes out looking
|
Batting: LHB Roland Jones
|
0-0: Fly out, F4 (Flyball, 4D)
|
Bottom of the 9th over - 0 runs, 3 hits, 0 errors, 3 left on base; Amarillo 10 - Richmond 7 |
|